 Dungeon Crawl Stone Soup version 0.31.0-11-ge490571c62 (webtiles) character file.

Game seed: 13532076926203037701

23 Amelense the Covered (level 2, -2/24 HPs)
             Began as a Human Fighter on Feb 8, 2024.
             Was an Initiate of Okawaru.
             Slain by a gnoll
             ... wielding a +0 spear
              (4 damage)
             ... on level 2 of the Dungeon.
             The game lasted 00:06:01 (962 turns).

Amelense the Covered (Human Fighter)                 Turns: 962, Time: 00:06:01

Health: -2/24      AC:  5    Str: 16    XL:     2   Next: 95%
Magic:  2/2        EV: 10    Int:  8    God:    Okawaru [......]
Gold:   38         SH:  4    Dex: 12    Spells: 1/1 levels left

rFire   . . .        a - +0 rapier
rCold   . . .        c - +0 buckler
rNeg    + . .        j - +0 ring mail
rPois   .            (no helmet)
rElec   .            (no cloak)
rCorr   .            (no gloves)
SInv    .            (no boots)
Will    .....        (no amulet)
Stlth   +            e - ring of positive energy
HPRegen 0.24/turn    (no ring)
MPRegen 0.08/turn

%: no passive effects
@: no status effects
A: explore regen
a: Renounce Religion


You were on level 2 of the Dungeon.
You worshipped Okawaru.
Okawaru was noncommittal.
You visited 1 branch of the dungeon, and saw 2 of its levels.

You collected 38 gold pieces.

Inventory:

Hand Weapons
 a - a +0 rapier (weapon)
Armour
 b - a +0 scale mail
 c - a +0 buckler (worn)
 j - a +0 ring mail (worn)
Jewellery
 e - a ring of positive energy (left hand)
Scrolls
 g - a scroll of identify {unknown}
 i - a scroll of vulnerability {unknown}
 k - 3 scrolls of revelation {unknown}
Potions
 d - a potion of might
 f - a potion of curing {unknown}
 h - a potion of lignification {unknown}
 l - a potion of magic {unknown}


   Skills:
 + Level 3.2 Fighting
 - Level 2.0 Short Blades
 + Level 3.3 Armour
 * Level 0.9 Dodging
 + Level 3.2 Shields


You had one spell level left.
You didn't know any spells.
Your spell library was empty.

Dungeon Overview and Level Annotations

Branches:
Dungeon (2/15)

Altars:
Okawaru


Innate Abilities, Weirdness & Mutations

You regain HP and MP as you explore.


Message History

The ribbon worm expels a string of sticky webbing.
The stream of webbing hits you but does no damage.
You are caught in a web!
The gnoll barely misses you.
You struggle to detach yourself from the web.
The ribbon worm bites you but does no damage.
The gnoll hits you but does no damage.
The web tears apart.
The gnoll hits you but does no damage. The ribbon worm barely misses you.
You hit the ribbon worm.
The ribbon worm is heavily wounded.
The gnoll hits you from afar with a +0 spear.
The ribbon worm expels a string of sticky webbing.
The stream of webbing hits you but does no damage.
You are caught in a web!
The web tears apart.
The gnoll barely misses you. The ribbon worm barely misses you.
You barely miss the ribbon worm.
The ribbon worm is moderately wounded.
The gnoll hits you from afar with a +0 spear.
The ribbon worm bites you.
You hit the ribbon worm.
The ribbon worm is moderately wounded.
The gnoll hits you but does no damage. The ribbon worm misses you.
The gnoll hits you from afar with a +0 spear.
* * * LOW HITPOINT WARNING * * *
The ribbon worm expels a string of sticky webbing.
The stream of webbing misses you.
You hit the ribbon worm.
The ribbon worm is moderately wounded.
The gnoll closely misses you. You block the ribbon worm's attack.
The gnoll hits you but does no damage.
You hit the ribbon worm.
The ribbon worm is heavily wounded.
The ribbon worm barely misses you. The gnoll barely misses you.
You hit the ribbon worm.
The ribbon worm is heavily wounded.
The ribbon worm bites you.
* * * LOW HITPOINT WARNING * * *
The gnoll hits you from afar with a +0 spear.
You die...

#########
####g#####...(....
.#
....ggw@..........
..
####g#####.#######
#. ####.###### .
#.........# #
#.........# #
#.........# #. #
#.........# #.
#.........# #.
#.........#####.##


You could see a ribbon worm (catching breath) and 4 gnolls.

Vanquished Creatures
  An endoplasm (D:2)
  2 goblins (D:1)
  5 hobgoblins (D:1)
  3 jackals (D:1)
  A quokka (D:1)
  A ball python (D:1)
  2 bats (D:1)
  2 kobolds (D:1)
  4 rats (D:1)
21 creatures vanquished.

Notes
Turn   | Place    | Note
-------+----------+-------------------------------------------
     0 | D:1      | Amelense the Human Fighter began the quest for the Orb.
     0 | D:1      | Reached XP level 1. HP: 18/18 MP: 1/1
   151 | D:1      | Reached XP level 2. HP: 21/24 MP: 2/2
   904 | D:2      | Found an iron altar of Okawaru.
   923 | D:2      | Became a worshipper of Warmaster Okawaru
   962 | D:2      | Slain by a gnoll

Illustrated notes

Levels and vault maps discovered:
D:1:      minmay_arrival_pointy, layout_loops_ring, minmay_tiny_reverse_x
D:2:      layout_basic, basic_altar, basic_ecumenical_altar, dk_noncrumbling_4

Action                     || total
---------------------------++-------
  Melee: Rapier            ||    92
    Use: Scroll            ||     1
 Armour: Scale mail        ||    61
         Ring mail         ||    18
  Dodge: Dodged            ||    72
  Block: Buckler           ||    29
